 Dungeon Crawl Stone Soup version 0.31-a0-532-g28f74ba3e5 (webtiles) character file.

Game seed: 8800568675890711503

33 bobarctor the Chiller (level 3, -1/24 HPs)
             Began as a Demonspawn Ice Elementalist on Aug 12, 2023.
             Killed by nerve-wracking pain
             ... invoked by Jessica
              (12 damage)
             ... on level 2 of the Dungeon.
             The game lasted 00:04:40 (1414 turns).

bobarctor the Chiller (Demonspawn Ice Elementalist) Turns: 1414, Time: 00:04:41

Health: -1/24      AC:  9    Str:  8    XL:     3   Next: 12%
Magic:  3/6        EV: 12    Int: 18    God:
Gold:   48         SH:  0    Dex: 13    Spells: 2/6 levels left

rFire   . . .        d - +0 spear
rCold   . . .        (no shield)
rNeg    . . .        a - +0 robe
rPois   .            (no helmet)
rElec   .            (no cloak)
rCorr   .            (no gloves)
SInv    .            (no boots)
Will    .....        (no amulet)
Stlth   ++           (no ring)
HPRegen 0.24/turn    (no ring)
MPRegen 0.10/turn

%: no passive effects
@: ice-armoured
A: powered by death 1, sharp scales 1
a: no special abilities


You were on level 2 of the Dungeon.
You visited 1 branch of the dungeon, and saw 2 of its levels.

You collected 48 gold pieces.

Inventory:

Hand Weapons
 d - a +0 spear (weapon)
Missiles
 c - 3 poisoned darts
Armour
 a - a +0 robe (worn)
Scrolls
 g - a scroll of amnesia {unknown}
Potions
 b - a potion of magic
 e - a potion of curing {unknown}
 f - a potion of heal wounds {unknown}
 h - a potion of attraction {unknown}


   Skills:
 + Level 1.8 Dodging
 + Level 2.1 Stealth
 * Level 2.4 Spellcasting
 + Level 4.1 Ice Magic


You had 2 spell levels left.
You knew the following spells:

 Your Spells              Type           Power      Damage    Failure   Level
a - Freeze                Ice            68%        1d8       3%          1
b - Ozocubu's Armour      Ice            17%        N/A       10%         3

Your spell library contained the following spells:

 Spells                   Type           Power      Damage    Failure   Level
 Apportation              Tloc           4%         N/A       17%         1
 Necrotise                Necr           8%         1d4       17%         1
 Summon Small Mammal      Summ           8%         N/A       17%         1
 Frozen Ramparts          Ice            34%        1d6       10%         3
 Summon Ice Beast         Ice/Summ       9%         N/A       58%         4


Dungeon Overview and Level Annotations

Branches:
Dungeon (2/15)

Altars:

Annotations:
D:2 Jessica


Innate Abilities, Weirdness & Mutations

You regenerate a little health from kills.
You are partially covered in razor-sharp scales. (AC +1, Slay +1)


Message History

You reach to attack!
You barely miss the goblin.
Found a scroll labelled SECRAYNW NOANG.
The goblin misses you.
You hit the goblin.
The goblin is heavily wounded.
The goblin hits you with a +0 club.
You closely miss the goblin.
The goblin is heavily wounded.
The goblin hits you but does no damage.
You hit the goblin.
You kill the goblin!
You see here a +0 club.
g - a scroll labelled SECRAYNW NOANG
Found a stone staircase leading down.
There is a stone staircase leading down here.
Found a robe.
h - a purple potion
There is a stone staircase leading down here.
You see here a +0 club.
You see here a +0 ring mail.
Jessica the Apprentice Sorceress comes into view.
She is wielding a +0 dagger.
Jessica shouts!
You enter the shallow water.
Moving in this stuff is going to be slow.
Jessica gestures wildly.
You start waiting.
Jessica is nearby!
Jessica points at you and mumbles some strange words.
Pain shoots through your body!
Ouch! That really hurt!
Casting: Freeze (safe; 3% risk of failure)
Confirm with . or Enter, or press ? or * to list all spells.
You don't know that spell.
Casting: Freeze (safe; 3% risk of failure)
Confirm with . or Enter, or press ? or * to list all spells.
A film of ice covers your body! Jessica casts a spell at you.
Pain shoots through your body!
Ouch! That really hurt!
You die...

#.# #..# ########.# ##.#
#........# ##### ### #.########
#... #.# #######.## #####.#
#........#########
......########................##
#####..............@...........#
#####.######≈≈≈≈@###.###..÷....#
....)..........≈.# #.##......~~≈≈
##..........≈≈≈≈## #.##.##..P.~~≈
##.............## #.#......~P≈≈≈
...###.######[.#####....~P~.~≈≈P~
.#.###.####.....#....P~..~~P≈≈≈~~
....................~.~P~~≈≈≈≈~≈P
...~...~.~..P.~~..~P≈~~≈≈≈≈≈~~~.
###.~.~~P≈≈≈P~~.P≈≈~≈≈≈≈≈≈~~~.~


You could see Jessica.

Vanquished Creatures
  A dart slug (D:1)
  4 endoplasms (D:1)
  A giant cockroach (D:1)
  5 goblins
  3 hobgoblins (D:1)
  2 jackals (D:1)
  2 ball pythons (D:1)
  3 bats
  5 kobolds (D:1)
  2 rats (D:1)
28 creatures vanquished.

Notes
Turn   | Place    | Note
-------+----------+-------------------------------------------
     0 | D:1      | bobarctor the Demonspawn Ice Elementalist began the quest
                  | for the Orb.
     0 | D:1      | Reached XP level 1. HP: 13/13 MP: 3/3
   280 | D:1      | Gained mutation: You regenerate a little health from kills.
                  | [demonic ancestry]
   280 | D:1      | Reached XP level 2. HP: 14/19 MP: 5/5
   286 | D:1      | Reached skill level 4 in Ice Magic
   801 | D:1      | Gained mutation: You are partially covered in razor-sharp
                  | scales. (AC +1, Slay +1) [demonic ancestry]
   801 | D:1      | Reached XP level 3. HP: 13/24 MP: 3/6
  1203 | D:2      | Learned a level 3 spell: Ozocubu's Armour
  1384 | D:2      | Noticed Jessica
  1414 | D:2      | Killed from afar by Jessica

Illustrated notes

Levels and vault maps discovered:
D:1:      psy_arrival_spokes, layout_basic, minmay_octomino_e4
D:2:      layout_loops_ring, chequers_serial_rivers_micro_d, chequers_big_river,
          chequers_garden, uniq_jessica

Skill      XL: |  1  2 |
---------------+-------+-----
Ice Magic      | 4 |  4.1
Stealth        | 2 |  2.1
Dodging        | |  1.8
Spellcasting   | |  2.4

Action                     || total
---------------------------++-------
  Melee: Spear             ||    32
   Cast: Freeze            ||    27
         Ozocubu's Armour  ||     1
   Stab: Sleeping          ||     2
         Distracted        ||     1
 Armour: Robe              ||     6
  Dodge: Dodged            ||    28

Table legend: (Time is in decaauts)
 A = Elapsed time spent in this place.
 B = Non-inter-level travel time spent in this place.
 C = Inter-level travel time spent in this place.
 D = Time resting spent in this place.
 E = Time spent auto-exploring this place.
 F = Levels seen in this place.
 G = Mean time per level.
                   A        B        C        D        E       F      G
               +--------+--------+--------+--------+--------+-----+--------+
         Total |   1417 |   1390 |     27 |    137 |    981 |   2 |  708.5 |
       Dungeon |   1417 |   1390 |     27 |    137 |    981 |   2 |  708.5 |
               +--------+--------+--------+--------+--------+-----+--------+

Top non-repeatable levels by time:
     D:1: 1180 daAuts
     D:2: 237 daAuts
